[Event "Fredericia WIM 2019"]
[Site "Fredericia"]
[Date "2019.06.01"]
[Round "7.6"]
[White "Kubicka, Anna"]
[Black "Kanakova, Natalie"]
[Result "1/2-1/2"]
[ECO "C10"]
[WhiteElo "2142"]
[BlackElo "2205"]
[Annotator "ChessBase"]
[PlyCount "38"]
[EventDate "2019.05.29"]
[EventType "tourn"]
[EventCountry "DEN"]
[SourceTitle "playchess.com"]
[Source "ChessBase"]
[SourceQuality "1"]
[TimeControl "40/5400+30:1800+30"]

1. e4 e6 2. d4 d5 3. Nd2 dxe4 4. Nxe4 Bd7 5. Nf3 Bc6 6. Bd3 Nd7 7. O-O Ngf6 8. Nxf6+ Qxf6 9. Be2 Bd6 10. c4 Bxf3 11. Bxf3 c6 12. Re1 O-O 13. Be3 Rfd8 14. Qb3 Rab8 15. Qa4 Ra8 16. Qb3 Rab8 17. Qa4 Ra8 18. Qb3 Rab8 19. Qa4 Ra8 1/2-1/2

[Event "Fredericia WIM 2019"]
[Site "Fredericia"]
[Date "2019.06.01"]
[Round "7.7"]
[White "Keetman, Maaike"]
[Black "Sucikova, Svetlana"]
[Result "1-0"]
[ECO "B18"]
[WhiteElo "2146"]
[BlackElo "2110"]
[Annotator "ChessBase"]
[PlyCount "59"]
[EventDate "2019.05.29"]
[EventType "tourn"]
[EventCountry "DEN"]
[SourceTitle "playchess.com"]
[Source "ChessBase"]
[SourceQuality "1"]
[TimeControl "40/5400+30:1800+30"]

1. e4 c6 2. d4 d5 3. Nd2 dxe4 4. Nxe4 Bf5 5. Ng3 Bg6 6. Nh3 Nf6 7. Nf4 e5 8. dxe5 Qa5+ 9. c3 Qxe5+ 10. Be2 Be7 11. O-O O-O 12. Be3 Nbd7 13. Nxg6 hxg6 14. Qc2 Nd5 15. Bd4 Qc7 16. Bf3 N7f6 17. Rfe1 Bd6 18. c4 Nb4 19. Qc3 c5 20. Bxf6 gxf6 21. Qxf6 Nd3 22. Bd5 Kh7 23. Re4 Nf4 24. Rae1 Rab8 25. Re7 Bxe7 26. Rxe7 Rbe8 27. Nf5 Nh5 28. Qg5 Rxe7 29. Qh6+ Kg8 30. Qxg6+ 1-0

[Event "Fredericia WIM 2019"]
[Site "Fredericia"]
[Date "2019.06.01"]
[Round "7.8"]
[White "Guindy, Esmat Susanne"]
[Black "Sahl, Sheila Barth"]
[Result "1/2-1/2"]
[ECO "D72"]
[WhiteElo "2156"]
[BlackElo "2127"]
[Annotator "ChessBase"]
[PlyCount "93"]
[EventDate "2019.05.29"]
[EventType "tourn"]
[EventCountry "DEN"]
[SourceTitle "playchess.com"]
[Source "ChessBase"]
[SourceQuality "1"]
[TimeControl "40/5400+30:1800+30"]

1. d4 Nf6 2. c4 g6 3. g3 d5 4. cxd5 Nxd5 5. e4 Nb6 6. Bg2 Bg7 7. Ne2 c5 8. d5 e6 9. O-O exd5 10. exd5 O-O 11. Nbc3 Bf5 12. Be3 Na6 13. b3 Qd7 14. Re1 Nc8 15. Rc1 Nd6 16. Nf4 b6 17. a3 Rfe8 18. h3 h5 19. Kh2 Nc7 20. a4 a5 21. f3 Qd8 22. Qd2 Be5 23. Kg1 Bc8 24. Nfe2 Bb7 25. Bg5 Qd7 26. g4 f6 27. Bf4 hxg4 28. fxg4 g5 29. Bxe5 Rxe5 30. Ng3 Qe7 31. Nh5 Rf8 32. Rxe5 Qxe5 33. Re1 Qd4+ 34. Qxd4 cxd4 35. Ne4 Nxe4 36. Rxe4 Bxd5 37. Rxd4 Bxb3 38. Rd6 Bxa4 39. Rxb6 Ne8 40. Ra6 Bc2 41. Bc6 Kf7 42. Ra7+ Kg6 43. Ra8 Kf7 44. Rxa5 Bg6 45. Ra7+ Kg8 46. Ng3 Ng7 47. Bd5+ 1/2-1/2

[Event "Fredericia WIM 2019"]
[Site "Fredericia"]
[Date "2019.06.01"]
[Round "7.9"]
[White "Nilssen, Ellen Fredericia"]
[Black "Mayrhuber, Nikola"]
[Result "1-0"]
[ECO "D20"]
[WhiteElo "2129"]
[BlackElo "1985"]
[Annotator "ChessBase"]
[PlyCount "47"]
[EventDate "2019.05.29"]
[EventType "tourn"]
[EventCountry "DEN"]
[SourceTitle "playchess.com"]
[Source "ChessBase"]
[SourceQuality "1"]
[TimeControl "40/5400+30:1800+30"]

1. d4 d5 2. c4 dxc4 3. e3 e5 4. Bxc4 exd4 5. exd4 Bd6 6. Ne2 Nf6 7. O-O O-O 8. Nbc3 Nc6 9. Bb3 Re8 10. h3 h6 11. Qd3 Nb4 12. Qf3 Bd7 13. Rd1 Qe7 14. Ng3 a5 15. a3 Nc6 16. Be3 Be6 17. Bc2 Bc4 18. Nf5 Qe6 19. d5 Qe5 20. g3 Na7 21. Bf4 Be2 22. Qg2 Bxd1 23. Bxe5 Bxc2 24. Nxh6+ 1-0

[Event "Fredericia WIM 2019"]
[Site "Fredericia"]
[Date "2019.06.01"]
[Round "7.10"]
[White "Stolberg-Rohr, Thomine"]
[Black "Kakulidis, Ellen"]
[Result "1/2-1/2"]
[ECO "C65"]
[WhiteElo "2025"]
[BlackElo "2014"]
[Annotator "NA"]
[PlyCount "84"]
[EventDate "2019.05.29"]
[EventType "tourn"]
[EventCountry "DEN"]
[SourceTitle "playchess.com"]
[Source "ChessBase"]
[SourceQuality "1"]
[TimeControl "40/5400+30:1800+30"]

1. e4 e5 2. Nf3 Nc6 3. Bb5 Nf6 4. d3 d6 5. O-O Be7 6. c3 O-O 7. h3 a6 8. Ba4 b5 9. Bc2 Re8 10. Nbd2 Bf8 11. Re1 d5 12. exd5 Qxd5 13. Ng5 Nd8 14. Nde4 Nxe4 15. Nxe4 Qc6 16. Re3 Kh8 17. Rg3 g6 18. Bg5 Bg7 19. Bb3 f6 20. Bd2 Be6 21. Rf3 Rf8 22. a4 Bxb3 23. Qxb3 Rb8 24. axb5 axb5 25. Be3 Ne6 26. Qb4 f5 27. Nc5 Nxc5 28. Qxc5 Qxc5 29. Bxc5 Ra8 30. Rxa8 Rxa8 31. Re3 Kg8 32. g3 Bf6 33. f4 exf4 34. gxf4 Kf7 35. Kf2 Ra1 36. Re2 Ra6 37. d4 Re6 38. Rxe6 Kxe6 39. Ke3 Bh4 40. b3 Kd5 41. Bb4 Bf6 42. Bc5 Bh4 1/2-1/2

[Event "Fredericia WIM 2019"]
[Site "Fredericia"]
[Date "2019.06.02"]
[Round "8.6"]
[White "Kanakova, Natalie"]
[Black "Nilssen, Ellen Fredericia"]
[Result "0-1"]
[ECO "A06"]
[WhiteElo "2205"]
[BlackElo "2129"]
[Annotator "ChessBase"]
[PlyCount "60"]
[EventDate "2019.05.29"]
[EventType "tourn"]
[EventCountry "DEN"]
[SourceTitle "playchess.com"]
[Source "ChessBase"]
[SourceQuality "1"]
[TimeControl "40/5400+30:1800+30"]

1. Nf3 d5 2. e3 Nf6 3. c4 c6 4. Nc3 g6 5. b3 Bg7 6. Bb2 O-O 7. Be2 Re8 8. d4 Bf5 9. O-O Ne4 10. Rc1 Nd7 11. Nh4 Nxc3 12. Bxc3 Be6 13. e4 f6 14. Qd3 Bf7 15. Nf3 e5 16. cxd5 cxd5 17. dxe5 Nc5 18. Qc2 Nxe4 19. Bb5 Re6 20. Nd4 Rxe5 21. f4 Re7 22. f5 Bh6 23. Rce1 Rc7 24. fxg6 hxg6 25. Rf3 Rac8 26. Ne2 a6 27. Rh3 Bg7 28. Qd3 Nxc3 29. Nxc3 Rxc3 30. Qd4 Rxh3 0-1

[Event "Fredericia WIM 2019"]
[Site "Fredericia"]
[Date "2019.06.02"]
[Round "8.7"]
[White "Guindy, Esmat Susanne"]
[Black "Kubicka, Anna"]
[Result "0-1"]
[ECO "A25"]
[WhiteElo "2156"]
[BlackElo "2142"]
[Annotator "ChessBase"]
[PlyCount "77"]
[EventDate "2019.05.29"]
[EventType "tourn"]
[EventCountry "DEN"]
[SourceTitle "playchess.com"]
[Source "ChessBase"]
[SourceQuality "1"]
[TimeControl "40/5400+30:1800+30"]

1. c4 e5 2. g3 Nc6 3. Bg2 g6 4. Nc3 Bg7 5. e3 d6 6. Nge2 f5 7. d3 Nf6 8. O-O O-O 9. f4 Be6 10. b3 Bf7 11. fxe5 dxe5 12. Rb1 Qd7 13. d4 e4 14. a3 Rad8 15. Qc2 Qe7 16. Nb5 a6 17. Nbc3 Ng4 18. h3 Nf6 19. Na4 Nh5 20. b4 Qg5 21. Kh2 Rfe8 22. Nc5 Rb8 23. Bd2 Bf8 24. h4 Qg4 25. Be1 Bd6 26. Nf4 Nxf4 27. gxf4 Be7 28. d5 Na7 29. Nd7 Rbd8 30. Ne5 Qh5 31. Rh1 Bf6 32. Nxf7 Kxf7 33. Kg1 c6 34. Qb3 cxd5 35. cxd5 Rd6 36. a4 Red8 37. Rh2 Qg4 38. Kh1 Qe2 39. Bf1 0-1

[Event "Fredericia WIM 2019"]
[Site "Fredericia"]
[Date "2019.06.02"]
[Round "8.8"]
[White "Sahl, Sheila Barth"]
[Black "Sucikova, Svetlana"]
[Result "0-1"]
[ECO "B13"]
[WhiteElo "2127"]
[BlackElo "2110"]
[Annotator "ChessBase"]
[PlyCount "94"]
[EventDate "2019.05.29"]
[EventType "tourn"]
[EventCountry "DEN"]
[SourceTitle "playchess.com"]
[Source "ChessBase"]
[SourceQuality "1"]
[TimeControl "40/5400+30:1800+30"]

1. e4 c6 2. d4 d5 3. exd5 cxd5 4. Bd3 Nc6 5. c3 Nf6 6. Bf4 Bg4 7. Qb3 Qd7 8. Nd2 e6 9. h3 Bh5 10. Ngf3 Bg6 11. Bxg6 hxg6 12. Ne5 Qc8 13. O-O Nd7 14. Ndf3 Be7 15. Nd3 O-O 16. Rfe1 Na5 17. Qd1 b6 18. Ng5 Nc4 19. Qf3 Qb7 20. h4 Nf6 21. Qh3 Rae8 22. b3 Nd6 23. Ne5 Nde4 24. f3 Nxc3 25. Ngxf7 Rxf7 26. Nxf7 Kxf7 27. Qxe6+ Kf8 28. Qe3 Bb4 29. Be5 Nb5 30. Rec1 Kg8 31. Qd3 Qd7 32. Bxf6 gxf6 33. Qxg6+ Kf8 34. Qxf6+ Qf7 35. Qh8+ Qg8 36. Qh6+ Qg7 37. Qf4+ Kg8 38. Rd1 Nc3 39. Qf5 Ne2+ 40. Kf2 Qg3+ 41. Kf1 Qxh4 42. Qxd5+ Kh8 43. Qf7 Ng3+ 44. Kg1 Qh1+ 45. Kf2 Re2+ 46. Kxg3 Qxg2+ 47. Kh4 Be7+ 0-1

[Event "Fredericia WIM 2019"]
[Site "Fredericia"]
[Date "2019.06.02"]
[Round "8.9"]
[White "Kakulidis, Ellen"]
[Black "Keetman, Maaike"]
[Result "0-1"]
[ECO "A45"]
[WhiteElo "2014"]
[BlackElo "2146"]
[Annotator "ChessBase"]
[PlyCount "56"]
[EventDate "2019.05.29"]
[EventType "tourn"]
[EventCountry "DEN"]
[SourceTitle "playchess.com"]
[Source "ChessBase"]
[SourceQuality "1"]
[TimeControl "40/5400+30:1800+30"]

1. d4 Nf6 2. g3 e6 3. Bg2 d5 4. Nf3 b5 5. O-O Bb7 6. Ne5 Nbd7 7. a4 b4 8. c4 bxc3 9. Nxc3 c5 10. Nxd7 Nxd7 11. e4 cxd4 12. exd5 e5 13. Nb5 Bc5 14. Qg4 Nf6 15. Qxg7 Rg8 16. Qh6 Rg6 17. Qd2 a6 18. b4 Bb6 19. Na3 Bxd5 20. Bxd5 Qxd5 21. Qe2 d3 22. Qa2 Qf3 23. Bb2 Rxg3+ 24. hxg3 Qxg3+ 25. Kh1 Qh3+ 26. Kg1 Ke7 27. Bxe5 Rg8+ 28. Bg3 Rxg3# 0-1

[Event "Fredericia WIM 2019"]
[Site "Fredericia"]
[Date "2019.06.02"]
[Round "8.10"]
[White "Mayrhuber, Nikola"]
[Black "Stolberg-Rohr, Thomine"]
[Result "1-0"]
[ECO "E01"]
[WhiteElo "1985"]
[BlackElo "2025"]
[Annotator "NA"]
[PlyCount "71"]
[EventDate "2019.05.29"]
[EventType "tourn"]
[EventCountry "DEN"]
[SourceTitle "playchess.com"]
[Source "ChessBase"]
[SourceQuality "1"]
[TimeControl "40/5400+30:1800+30"]

1. d4 Nf6 2. c4 e6 3. g3 d5 4. Bg2 Bb4+ 5. Nd2 O-O 6. Ngf3 dxc4 7. Qc2 Qe7 $146 {[%emt 0:07:54] E04: Open Catalan: 5 Nf3} ({Predecessor:} 7... b5 8. a4 Bb7 9. axb5 a6 10. bxa6 Rxa6 11. Rxa6 Bxa6 12. O-O Nc6 13. Rd1 Nxd4 14. Nxd4 Qxd4 15. Ne4 {1-0 (39) Yu,Y (2760)-Ganguly,S (2652) China 2018}) 8. O-O c5 (8... b5 $14) 9. Nxc4 cxd4 10. Nxd4 e5 11. Nb5 (11. Nf5 $16 Bxf5 12. Qxf5) 11... Na6 12. a3 Bc5 13. b4 Bb6 14. Bb2 Be6 15. Nxb6 axb6 16. Bxe5 Rac8 17. Qb2 Bc4 18. Nd6 Rc7 19. Bxf6 gxf6 20. Ne4 Kg7 21. Rfd1 Nb8 22. Rd6 Qe5 23. Qxe5 fxe5 24. Rxb6 Nd7 25. Rd6 Bxe2 26. Rd2 Bg4 27. Nd6 b6 28. a4 Nf6 29. a5 bxa5 30. bxa5 Rb8 31. a6 Ra7 32. Bb7 Nd7 $2 (32... Ne8 {was necessary.}) 33. Rc1 Be6 34. Rc8 Kf6 35. Ne4+ Ke7 {[%emt 0:00:33] [#]} 36. Rxd7+ $18 {[%emt 0:00:51] Remove Defender} 1-0

[Event "Fredericia WIM 2019"]
[Site "Fredericia"]
[Date "2019.06.02"]
[Round "9.6"]
[White "Stolberg-Rohr, Thomine"]
[Black "Kanakova, Natalie"]
[Result "0-1"]
[ECO "B38"]
[WhiteElo "2025"]
[BlackElo "2205"]
[Annotator "ChessBase"]
[PlyCount "72"]
[EventDate "2019.05.29"]
[EventType "tourn"]
[EventCountry "DEN"]
[SourceTitle "playchess.com"]
[Source "ChessBase"]
[SourceQuality "1"]
[TimeControl "40/5400+30:1800+30"]

1. e4 c5 2. Nf3 g6 3. d4 cxd4 4. Nxd4 Nc6 5. c4 Bg7 6. Be3 Nf6 7. Nc3 O-O 8. Be2 d6 9. O-O Bd7 10. f3 Nxd4 11. Bxd4 Bc6 12. b4 b6 13. Qd2 Nd7 14. Bxg7 Kxg7 15. a4 a5 16. b5 Bb7 17. Nd5 Rc8 18. Ra3 Bxd5 19. Qxd5 Rc5 20. Qd4+ Nf6 21. f4 e5 22. Qe3 exf4 23. Rxf4 Nd7 24. Qd4+ Ne5 25. Rf1 Qe7 26. Raf3 f6 27. Rc3 Re8 28. Rc2 Qe6 29. Rd1 Rd8 30. Rc3 Nf7 31. Rf1 Qe5 32. Qe3 Re8 33. Bf3 d5 34. Qd2 dxe4 35. Re1 Rd8 36. Qc2 Qd4+ 0-1

[Event "Fredericia WIM 2019"]
[Site "Fredericia"]
[Date "2019.06.02"]
[Round "9.7"]
[White "Kubicka, Anna"]
[Black "Sahl, Sheila Barth"]
[Result "1/2-1/2"]
[ECO "B01"]
[WhiteElo "2142"]
[BlackElo "2127"]
[Annotator "ChessBase"]
[PlyCount "63"]
[EventDate "2019.05.29"]
[EventType "tourn"]
[EventCountry "DEN"]
[SourceTitle "playchess.com"]
[Source "ChessBase"]
[SourceQuality "1"]
[TimeControl "40/5400+30:1800+30"]

1. e4 d5 2. exd5 Qxd5 3. Nc3 Qd8 4. d4 Nf6 5. Bc4 Bg4 6. f3 Bf5 7. Nge2 c6 8. Ng3 Bg6 9. Nce4 e6 10. Bg5 Nbd7 11. O-O Be7 12. Nxf6+ Bxf6 13. Bxf6 Nxf6 14. c3 Qc7 15. Qe2 Nd5 16. Bxd5 cxd5 17. Qb5+ Qd7 18. Qc5 b6 19. Qa3 h5 20. Rf2 h4 21. Ne2 Qe7 22. Qxe7+ Kxe7 23. Re1 Kd6 24. g4 hxg3 25. hxg3 Rh6 26. Rh2 Rxh2 27. Kxh2 Bd3 28. Nf4 Bc4 29. a3 a5 30. Kg2 b5 31. Ra1 Kc6 32. Nh5 1/2-1/2

[Event "Fredericia WIM 2019"]
[Site "Fredericia"]
[Date "2019.06.02"]
[Round "9.8"]
[White "Keetman, Maaike"]
[Black "Mayrhuber, Nikola"]
[Result "1/2-1/2"]
[ECO "C07"]
[WhiteElo "2146"]
[BlackElo "1985"]
[Annotator "ChessBase"]
[PlyCount "78"]
[EventDate "2019.05.29"]
[EventType "tourn"]
[EventCountry "DEN"]
[SourceTitle "playchess.com"]
[Source "ChessBase"]
[SourceQuality "1"]
[TimeControl "40/5400+30:1800+30"]

1. e4 e6 2. d4 d5 3. Nd2 c5 4. exd5 Qxd5 5. Ngf3 cxd4 6. Bc4 Qd7 7. O-O Nc6 8. Nb3 a6 9. Nbxd4 Nxd4 10. Nxd4 Qc7 11. Bb3 Bd6 12. h3 Ne7 13. Re1 O-O 14. c3 b6 15. Qh5 Ng6 16. Bc2 Bb7 17. Nf3 Bxf3 18. Qxf3 Bh2+ 19. Kh1 Be5 20. Bg5 b5 21. Rac1 Bf4 22. Bxf4 Qxf4 23. Bxg6 Qxf3 24. Bxh7+ Kxh7 25. gxf3 Kg6 26. Rcd1 Rh8 27. Kg2 Rh5 28. f4 Rah8 29. Rd3 Rf5 30. Re4 Rh4 31. Rg3+ Kf6 32. Rg4 Rh8 33. Rd4 Rfh5 34. Rg3 Rf5 35. Rd6 a5 36. Ra6 b4 37. cxb4 axb4 38. Rb6 Rxf4 39. Rg4 Rh4 {[%emt 0:00:55] Kf3 Ke5+ Ke4+} 1/2-1/2

[Event "Fredericia WIM 2019"]
[Site "Fredericia"]
[Date "2019.06.02"]
[Round "9.9"]
[White "Nilssen, Ellen Fredericia"]
[Black "Guindy, Esmat Susanne"]
[Result "1/2-1/2"]
[ECO "D31"]
[WhiteElo "2129"]
[BlackElo "2156"]
[Annotator "ChessBase"]
[PlyCount "71"]
[EventDate "2019.05.29"]
[EventType "tourn"]
[EventCountry "DEN"]
[SourceTitle "playchess.com"]
[Source "ChessBase"]
[SourceQuality "1"]
[TimeControl "40/5400+30:1800+30"]

1. d4 d5 2. c4 e6 3. Nc3 Be7 4. Nf3 Nf6 5. cxd5 exd5 6. Bg5 c6 7. e3 Bf5 8. Bd3 Bxd3 9. Qxd3 Nbd7 10. O-O-O h6 11. Bf4 Nf8 12. h3 Ne6 13. Be5 Bd6 14. Kb1 Qe7 15. Rc1 Nd7 16. Bxd6 Qxd6 17. g4 Qe7 18. h4 h5 19. g5 g6 20. Nd2 O-O 21. Nf1 Ng7 22. Ng3 Rae8 23. Rce1 f5 24. gxf6 Rxf6 25. Rh2 Qf7 26. Rf1 Rf3 27. Nce2 Nf5 28. Nxf5 Qxf5 29. Qxf5 Rxf5 30. Rg1 Kf7 31. Rhg2 Nf8 32. Nf4 Rf6 33. Nd3 Nd7 34. Nf4 Nf8 35. Nd3 Nd7 36. Nf4 1/2-1/2

[Event "Fredericia WIM 2019"]
[Site "Fredericia"]
[Date "2019.06.02"]
[Round "9.10"]
[White "Sucikova, Svetlana"]
[Black "Kakulidis, Ellen"]
[Result "1-0"]
[ECO "A06"]
[WhiteElo "2110"]
[BlackElo "2014"]
[Annotator "ChessBase"]
[PlyCount "115"]
[EventDate "2019.05.29"]
[EventType "tourn"]
[EventCountry "DEN"]
[SourceTitle "playchess.com"]
[Source "ChessBase"]
[SourceQuality "1"]
[TimeControl "40/5400+30:1800+30"]

1. Nf3 d5 2. e3 e6 3. c4 Nf6 4. Nc3 a6 5. d4 b6 6. b3 Bd6 7. Bd3 Bb7 8. O-O O-O 9. Bb2 Nbd7 10. h3 Ne4 11. Ne2 Qe7 12. Qc2 f5 13. Ne5 Bxe5 14. dxe5 Nec5 15. cxd5 Nxd3 16. Qxd3 Bxd5 17. Nf4 c6 18. Rac1 g5 19. Nxd5 cxd5 20. Rc6 Nc5 21. Qe2 Rab8 22. Ba3 Qb7 23. Rd6 Rfe8 24. Bxc5 bxc5 25. Rxa6 c4 26. Rd6 cxb3 27. axb3 Qxb3 28. Qh5 Qb7 29. Qxg5+ Qg7 30. Qxg7+ Kxg7 31. Rd7+ Kg6 32. Rc1 Rbd8 33. Rxd8 Rxd8 34. Rc7 f4 35. exf4 Kf5 36. g3 Ke4 37. Kf1 h5 38. Rc6 Re8 39. Ke2 h4 40. Ra6 Kf5 41. Kf3 hxg3 42. fxg3 Kg6 43. g4 Kf7 44. Ra7+ Kg8 45. Rd7 Ra8 46. g5 Ra1 47. Kg4 Rg1+ 48. Kh5 Rf1 49. Kg6 Kf8 50. h4 Rxf4 51. h5 Ke8 52. Ra7 d4 53. h6 Rh4 54. h7 d3 55. h8=Q+ Rxh8 56. Ra8+ Ke7 57. Rxh8 d2 58. Rh1 1-0